 Dungeon Crawl Stone Soup version 0.31-a0-233-g139696dc86 (webtiles) character file.

Game seed: 12850579756925871706

240 bjtr the Grave Robber (level 5, -2/35 HPs)
             Began as a Demonspawn Necromancer on July 8, 2023.
             Slain by an ogre
             ... wielding a +0 giant club
              (13 damage)
             ... on level 3 of the Dungeon.
             The game lasted 00:15:31 (2908 turns).

bjtr the Grave Robber (Demonspawn Necromancer)      Turns: 2908, Time: 00:15:31

Health: -2/35      AC:  6    Str:  8    XL:     5   Next: 79%
Magic:  4/11       EV: 11    Int: 25    God:
Gold:   149        SH:  0    Dex: 13    Spells: 4/12 levels left

rFire   . . .        e - +1 spear (flame)
rCold   . . .        (no shield)
rNeg    . . .        l - +0 leather armour
rPois   .            p - +0 helmet
rElec   .            (no cloak)
rCorr   .            (no gloves)
SInv    .            (no boots)
Will    .....        (no amulet)
Stlth   ++           h - +6 ring of intelligence
HPRegen 0.25/turn    (no ring)
MPRegen 0.12/turn

%: no passive effects
@: animating dead
A: slimy green scales 1, demonic guardian 1, demonic touch 1
a: no special abilities


You were on level 3 of the Dungeon.
You visited 1 branch of the dungeon, and saw 3 of its levels.

You collected 149 gold pieces.

Inventory:

Hand Weapons
 d - a +0 dagger
 e - a +1 spear of flaming (weapon)
 f - a +0 short sword
 j - a +0 quarterstaff
 n - a +2 dagger of flaming
 q - a +2 short sword of venom
 u - a +0 morningstar
 x - a +0 sling
Missiles
 y - 6 poisoned darts
Armour
 a - a +0 robe
 l - a +0 leather armour (worn)
 p - a +0 helmet (worn)
Jewellery
 h - a +6 ring of intelligence (left hand)
Wands
 o - a wand of flame (12)
Scrolls
 g - 2 scrolls of identify {unknown}
 k - 2 scrolls of teleportation {unknown}
 m - a scroll of brand weapon {unknown}
 r - 2 scrolls of enchant weapon {unknown}
 t - a scroll of amnesia {unknown}
Potions
 b - 3 potions of magic
 c - 2 potions of enlightenment {unknown}
 i - 2 potions of brilliance {unknown}
 s - a potion of degeneration {unknown}
 v - a potion of curing {unknown}
 w - a potion of cancellation {unknown}
 z - 2 potions of lignification {unknown}


   Skills:
 + Level 0.1 Fighting
 + Level 0.9 Armour
 + Level 2.2 Dodging
 + Level 2.1 Stealth
 * Level 4.1 Spellcasting
 * Level 5.8 Necromancy


You had 4 spell levels left.
You knew the following spells:

 Your Spells              Type           Power      Damage    Failure   Level
a - Necrotise             Necr           100%       1d9       1%          1
b - Vampiric Draining     Necr           34%        2d8       3%          3
c - Animate Dead          Necr           34%        N/A       12%         4

Your spell library contained the following spells:

 Spells                   Type           Power      Damage    Failure   Level
 Agony                    Necr           34%        N/A       32%         5


Dungeon Overview and Level Annotations

Branches:
Dungeon (3/15)

Altars:

Shops:
D:1 !   D:2 :   D:3 [


Innate Abilities, Weirdness & Mutations

You are partially covered in slimy green scales. (AC +2)
A weak demonic guardian rushes to your aid.
Your touch may inflict minor irresistible damage on your foes.


Message History

The ogre barely misses your adder zombie.
Your adder zombie bites the ogre.
Your adder zombie completely misses the ogre.
The ogre completely misses your adder zombie.
Your adder zombie bites the ogre.
Your adder zombie bites the ogre.
The ogre misses your adder zombie.
Your adder zombie bites the ogre.
The ogre closely misses your adder zombie.
Your adder zombie barely misses the ogre. x2
The ogre hits your adder zombie with a +0 giant club!!
Your adder zombie is destroyed!
Casting: Necrotise (safe; 1% risk of failure)
Confirm with . or Enter, or press ? or * to list all spells.
The spell is quite dangerous to miscast (12% risk of failure)!
Continue anyway?
You call upon the dead to rise.
Casting: Animate Dead (quite dangerous; 12% risk of failure)
Confirm with . or Enter, or press ? or * to list all spells.
Aiming: Necrotise (safe; 1% risk of failure)
Press: ? - help, Shift-Dir - straight line, f/p - ogre
Aim: an ogre, wielding a +0 giant club (lightly wounded, chance to affect: 83%)
The ogre writhes in agony.
You hit the ogre. You burn the ogre.
The ogre is heavily wounded.
The ogre hits you with a +0 giant club!!
Ouch! That really hurt!
* * * LOW HITPOINT WARNING * * *
A demonic guardian appears!
Casting: Necrotise (safe; 1% risk of failure)
Confirm with . or Enter, or press ? or * to list all spells.
Aiming: Necrotise (safe; 1% risk of failure)
Press: ? - help, Shift-Dir - straight line, f/p - ogre
Aim: an ogre, wielding a +0 giant club (heavily wounded, ally target, chance to affect: 83%)
The ogre writhes in agony.
Casting: Necrotise (safe; 1% risk of failure)
Confirm with . or Enter, or press ? or * to list all spells.
Aiming: Necrotise (safe; 1% risk of failure)
Press: ? - help, Shift-Dir - straight line, f/p - ogre
Aim: an ogre, wielding a +0 giant club (almost dead, ally target, chance to affect: 83%)
The ogre writhes in agony.
The ogre hits you with a +0 giant club!
You die...

........+....# ..........## #
........##...# ..........# #
........##...# #..........######
.###.........###.....#.##........
.# #.........##..#####...........
.###.......####.######..........#
...............5..........##.##.#
....##.##.#....O.......#.###....#
###....##.#....#@###..<......####
....#..##.#..###.............# #
....##.##)#.## #.###.#.......# #
....##.##.#.# #.# #.#.......####
..........#.####.###.#...........
.....................#......#####
.........>######..).........'....
....##.#Z...................#####
....##.#.##########.##......# #


You could see an ogre (ally target) and a friendly iron imp (summoned).

Vanquished Creatures
  Jessica (D:2)
  Natasha (twice) (D:2)
  Robin (D:2)
  6 adders
  2 dart slugs
  5 orcs (D:3)
  3 bats
  3 endoplasms
  A giant cockroach (D:2)
  12 goblins
  7 hobgoblins
  5 quokkas
  5 ball pythons
  2 frilled lizards
  2 kobolds (D:2)
  5 rats
62 creatures vanquished.

Vanquished Creatures (collateral kills)
  Natasha (D:2)
  An orc (D:3)
  An endoplasm (D:1)
  A hobgoblin (D:1)
  A kobold (D:3)
5 creatures vanquished.

Vanquished Creatures (others)
  An adder zombie (D:3)
1 creature vanquished.

Grand Total: 68 creatures vanquished

Notes
Turn   | Place    | Note
-------+----------+-------------------------------------------
     0 | D:1      | bjtr the Demonspawn Necromancer began the quest for the
                  | Orb.
     0 | D:1      | Reached XP level 1. HP: 13/13 MP: 3/3
   205 | D:1      | Gained mutation: A weak demonic guardian rushes to your
                  | aid. [demonic ancestry]
   205 | D:1      | Reached XP level 2. HP: 19/19 MP: 3/5
   362 | D:1      | Found Lynaudah's Distillery.
   700 | D:1      | Reached skill level 5 in Necromancy
   915 | D:2      | Found a faded altar of an unknown god.
  1141 | D:2      | Noticed Natasha
  1153 | D:2      | Killed Natasha
  1154 | D:2      | Reached XP level 3. HP: 6/24 MP: 3/6
  1266 | D:2      | Noticed Natasha
  1269 | D:2      | Killed Natasha
  1270 | D:2      | Gained mutation: Your touch may inflict minor irresistible
                  | damage on your foes. [demonic ancestry]
  1270 | D:2      | Reached XP level 4. HP: 30/30 MP: 4/8
  1347 | D:2      | Noticed Robin
  1362 | D:2      | Killed Robin
  1473 | D:2      | Noticed Jessica
  1475 | D:2      | Killed Jessica
  1673 | D:2      | Found Udu Itev's Book Shoppe.
  1709 | D:2      | Noticed Natasha
  1723 | D:2      | Gained mutation: You are partially covered in slimy green
                  | scales. (AC +2) [demonic ancestry]
  1723 | D:2      | Reached XP level 5. HP: 34/35 MP: 10/10
  1731 | D:2      | Killed Natasha
  2536 | D:3      | Found Kerghem's Antique Armour Shoppe.
  2546 | D:3      | Learned a level 3 spell: Vampiric Draining
  2551 | D:3      | Learned a level 4 spell: Animate Dead
  2891 | D:3      | Noticed an ogre
  2908 | D:3      | Slain by an ogre

Illustrated notes

Levels and vault maps discovered:
D:1:      ldierk_walled_garden, layout_loops_ring, serial_shops, shop
D:2:      layout_loops_corners, serial_shops, shop,
          ebering_ecumenical_altar_rust, minmay_misc_feat_roman,
          nicolae_half_adder, uniq_robin, uniq_jessica, uniq_natasha
D:3:      layout_basic, kennysheep_vampire_church, serial_shops, shop

Skill      XL: |  1  2  3  4  5 |
---------------+----------------+-----
Stealth        | 2 |  2.1
Necromancy     | 5 |  5.8
Spellcasting   | 3 4 |  4.1
Dodging        | 2 |  2.2
Fighting       | |  0.1
Armour         | |  0.9

Action                     |  1- 3 |  4- 6 || total
---------------------------+-------+-------++-------
  Melee: Unarmed           |     1 |       ||     1
         Spear             |    24 |    70 ||    94
         Touch             |       |     7 ||     7
         Punch             |       |     1 ||     1
   Cast: Necrotise         |    32 |    45 ||    77
         Animate Dead      |       |     4 ||     4
   Stab: Sleeping          |     1 |     1 ||     2
 Armour: Robe              |     6 |       ||     6
         Leather armour    |     1 |    26 ||    27
  Dodge: Dodged            |    29 |    48 ||    77

Table legend: (Time is in decaauts)
 A = Elapsed time spent in this place.
 B = Non-inter-level travel time spent in this place.
 C = Inter-level travel time spent in this place.
 D = Time resting spent in this place.
 E = Time spent auto-exploring this place.
 F = Levels seen in this place.
 G = Mean time per level.
                   A        B        C        D        E       F      G
               +--------+--------+--------+--------+--------+-----+--------+
         Total |   2917 |   2866 |     51 |    219 |   2019 |   3 |  972.3 |
       Dungeon |   2917 |   2866 |     51 |    219 |   2019 |   3 |  972.3 |
               +--------+--------+--------+--------+--------+-----+--------+

Top non-repeatable levels by time:
     D:2: 1365 daAuts
     D:1: 876 daAuts
     D:3: 675 daAuts
